 Dungeon Crawl Stone Soup version 0.31-a0-853-gc9b61b78f7 (webtiles) character file.

Game seed: 13214856254315099093

69584 Vontreibholz the Bludgeoner (level 14, -16/132 HPs)
             Began as a Minotaur Fighter on Oct 8, 2023.
             Was the Champion of Okawaru.
             Killed from afar by a naga mage (21 damage)
             ... with a bolt of poison
             ... on level 3 of the Snake Pit.
             The game lasted 00:59:08 (17747 turns).

Vontreibholz the Bludgeoner (Minotaur Fighter)     Turns: 17747, Time: 00:59:11

Health: -16/132    AC: 35    Str: 29    XL:     14   Next: 90%
Magic:  13/13      EV: 12    Int: 10    God:    Okawaru [******]
Gold:   967        SH:  0    Dex: 10    Spells: 13/13 levels left

rFire   . . .        m - +8 eveningstar of the Queen {protect, Int+5 Stlth+}
rCold   + . .        G - +1 kite shield {reflect}
rNeg    . . .        i - +1 crystal plate armour of Entitlement {rC+ Will+ Slay+2}
rPois   x            A - +2 hat
rElec   +            t - +0 cloak
rCorr   .            r - +0 pair of gloves
SInv    +            D - +1 pair of boots of Sunlight {-Tele Str+3 SInv}
Will    ++...        j - amulet of the Scavenger {Reflect rElec SH+5} Stlth
                     b - +5 ring of evasion
HPRegen 0.42/turn    a - +4 ring of protection
MPRegen 0.13/turn

%: no teleportation, reflection
@: confused, lethally poisoned (-16 -> -49), ambrosia-drunk, poison vulnerable
A: horns 2, retaliatory headbutt
a: Renounce Religion, Heroism, Finesse, Duel


You were on level 3 of the Snake Pit.
You worshipped Okawaru.
Okawaru was exalted by your worship.
You visited 3 branches of the dungeon, and saw 16 of its levels.

You collected 1169 gold pieces.
You spent 202 gold pieces at shops.

Inventory:

Hand Weapons
 m - the +8 eveningstar of the Queen (weapon) {protect, Int+5 Stlth+}
   (Okawaru gifted it to you on level 1 of the Lair of Beasts)

   Int+5:     It affects your intelligence (+5).
   Stlth+:    It makes you more stealthy.
Missiles
 s - 10 silver javelins (quivered)
Armour
 i - the +1 crystal plate armour of Entitlement (worn) {rC+ Will+ Slay+2}
   (Okawaru gifted it to you on level 1 of the Lair of Beasts)

   Slay+2:    It affects your accuracy & damage with ranged weapons and melee
   (+2).
   rC+:       It protects you from cold.
   Will+:     It increases your willpower.
 r - a +0 pair of gloves (worn)
 t - a +0 cloak (worn)
 A - a +2 hat (worn)
 D - the +1 pair of boots of Sunlight (worn) {-Tele Str+3 SInv}
   (You acquired it on level 3 of the Lair of Beasts)

   Str+3:     It affects your strength (+3).
   SInv:      It lets you see invisible.
   -Tele:     It prevents most forms of teleportation.
 G - a +1 kite shield of reflection (worn)
Jewellery
 a - a +4 ring of protection (right hand)
 b - a +5 ring of evasion (left hand)
 j - the amulet of the Scavenger (around neck) {Reflect rElec SH+5}
   (You acquired it on level 3 of the Dungeon)

   [amulet of reflection]

   Reflect:   It reflects blocked missile attacks.
   rElec:     It insulates you from electricity.
   SH+5:      It affects your SH (+5).
 v - a +6 ring of strength
 w - a ring of flight
 C - an amulet of the acrobat
Wands
 f - a wand of polymorph (8)
 k - a wand of flame (64)
 l - a wand of mindburst (25)
 n - a wand of quicksilver (18)
 y - a wand of iceblast (5)
 B - a wand of digging (8)
Scrolls
 d - 3 scrolls of blinking
 e - 2 scrolls of torment
 g - 5 scrolls of teleportation
 h - 4 scrolls of revelation
 u - a scroll of silence
 x - 2 scrolls of identify
 E - a scroll of enchant weapon
 H - a scroll of fog
Potions
 o - 3 potions of haste
 p - 2 potions of invisibility
 z - a potion of cancellation
 F - 3 potions of enlightenment
 I - a potion of magic
 J - a potion of berserk rage


   Skills:
 + Level 14.0 Fighting
 + Level 17.5 Maces & Flails
 + Level 14.2 Armour
 + Level 6.2 Dodging
 + Level 1.0 Stealth
 + Level 17.3 Shields


You had 13 spell levels left.
You didn't know any spells.
Your spell library contained the following spells:

 Spells                   Type           Power      Damage    Failure   Level
 Apportation              Tloc           0%         N/A       100%        1
 Necrotise                Necr           0%         1d4       100%        1
 Sting                    Tmut/Pois      0%         1d3       100%        1
 Cigotuvi's Dreadful Rot  Necr/Pois/Air  0%         N/A       100%        2
 Poisonous Vapours        Pois/Air       0%         N/A       100%        2
 Scorch                   Fire           0%         2d5       100%        2
 Static Discharge         Conj/Air       0%         2-2/arc   100%        2
 Sublimation of Blood     Necr           0%         N/A       100%        2
 Wereblood                Tmut           0%         N/A       100%        2
 Ozocubu's Armour         Ice            0%         N/A       100%        3
 Airstrike                Air            0%         2d(0-16)  100%        4
 Brom's Barrelling Bould  Conj/Erth      0%         2d3       100%        4
 Dispel Undead            Necr           0%         3d6       100%        4
 Flame Wave               Conj/Fire      0%         2d4       100%        4
 Olgreb's Toxic Radiance  Pois           0%         N/A       100%        4
 Passage of Golubria      Tloc           0%         N/A       100%        4
 Petrify                  Tmut/Erth      0%         N/A       100%        4
 Fireball                 Conj/Fire      0%         3d3       100%        5
 Irradiate                Conj/Tmut      0%         3d11      100%        5
 Iskenderun's Battlesphe  Conj           0%         2d6       100%        5
 Metabolic Englaciation   Hex/Ice        0%         N/A       100%        5
 Silence                  Hex/Air        0%         N/A       100%        5
 Conjure Ball Lightning   Conj/Air       0%         3x3d6     100%        6
 Orb of Destruction       Conj           0%         9d5       100%        7
 Ozocubu's Refrigeration  Ice            0%         4d7       100%        7
 Lehudib's Crystal Spear  Conj/Erth      0%         10d2      100%        8
 Summon Small Mammal      Summ           Unusable   N/A       N/A         1
 Call Canine Familiar     Summ           Unusable   N/A       N/A         3
 Summon Guardian Golem    Hex/Summ       Unusable   N/A       N/A         3
 Summon Lightning Spire   Summ/Air       Unusable   N/A       N/A         4
 Death Channel            Necr           Unusable   N/A       N/A         6
 Simulacrum               Ice/Necr       Unusable   N/A       N/A         6
 Summon Cactus Giant      Summ           Unusable   N/A       N/A         6
 Summon Hydra             Summ           Unusable   N/A       N/A         7

Dungeon Overview and Level Annotations

Branches:
Dungeon (10/15)            Temple (0/1) D:6            Lair (3/5) D:10
 Shoals (0/4) Lair:3        Snake (3/4) Lair:2          Orc (0/2) D:9

Altars:
Cheibriados
Hepliaklqana
Makhleb
Okawaru
Ru
Sif Muna
Vehumet
Wu Jian
Zin

Shops:
D:3 *?**   D:9 ?*

Portals:
Abyss: Lair:2


Innate Abilities, Weirdness & Mutations

You have a pair of horns on your head.
You reflexively headbutt those who attack you in melee.


Message History

The shock serpent shoots out a bolt of lightning at you!
The bolt of electricity hits you. You resist.
You feel very sick.
Okay, then.
As you read the scroll of fear, it crumbles to dust.
You assume a fearsome visage.
The naga ritualist looks frightened!
The shock serpent looks frightened!
The naga looks frightened!
You feel very sick.
* * * LOW HITPOINT WARNING * * *
You are more poisoned.
You feel very sick.
The naga mage attacks as it pursues you!
You block the naga mage's attack.
You feel very sick.
Cornered, the shock serpent turns to fight!
The naga mage spits poison at you.
The splash of poison hits you but does no damage.
You are more poisoned.
* * * LOW HITPOINT WARNING * * *
You feel very sick.
* * * LOW HITPOINT WARNING * * *
You feel very sick.
* * * LOW HITPOINT WARNING * * *
You feel very sick.
* * * LOW HITPOINT WARNING * * *
You feel very sick.
The shock serpent shoots out a bolt of lightning at you!
The bolt of electricity hits you. You resist.
* * * LOW HITPOINT WARNING * * *
The bolt of electricity hits you. You resist.
* * * LOW HITPOINT WARNING * * *
Unknown command.
You are confused.
You feel invigorated.
* * * LOW HITPOINT WARNING * * *
You feel sick. The naga mage casts a spell at you.
The bolt of poison hits you!!
You are more poisoned.
You die...

##### ##...### ##......###
##### #....)....## ###...##
##...S.....## #......#
#@..N....(.#
#.....######.#.#...#)##
#.....#......#.#####†N#
#.....##....<.......##N......
#....##.........#### .......
#.#.###...).....## S$.....
####.##..........# .......
##............# .......
##...........# .......


You could see a shock serpent and a naga mage (fast).

Vanquished Creatures
  Gastronok (Lair:2)
  A nagaraja (Snake:2)
  The ghost of mursu the Basher, a journeyman DgFi (Lair:2)
  A hydra (Lair:1)
  Erica (Lair:2)
  9 anacondas
  A catoblepas (Lair:1)
  2 two-headed ogres (D:10)
  A boulder beetle (Lair:2)
  4 naga warriors
  2 hell hogs (Lair:2)
  6 naga sharpshooters
  2 shock serpents (Snake:2)
  3 salamander mystics
  5 sea snakes (Snake:3)
  A naga ritualist (Snake:2)
  A mana viper (Snake:1)
  2 ugly things (Lair:2)
  An oklob plant (Lair:1)
  7 salamanders
  Maurice (D:8)
  9 elephants
  A guardian serpent (Snake:1)
  20 black mambas
  15 naga magi
  11 cane toads
  A hellion (Lair:2)
  An orange demon (Lair:2)
  Maggie (D:8)
  6 komodo dragons
  An ancient zyme (Lair:2)
  2 trolls
  A red devil (Lair:2)
  3 polar bears
  Prince Ribbit (D:8)
  5 hornets
  3 blink frogs (Lair:1)
  5 dream sheep (Lair:3)
  A wraith (D:10)
  A spriggan (Lair:2)
  Sigmund (D:2)
  A shadow (D:10)
  27 yaks
  A wyvern (Lair:2)
  4 basilisks
  3 steam dragons
  Grum (D:8)
  Edmund (D:6)
  Duvessa (D:4)
  30 nagas
  11 water moccasins
  3 ice beasts
  3 orc warriors
  4 black bears (Lair:1)
  17 wolves
  An ogre (D:6)
  7 centaurs
  11 bullfrogs
  3 kobold brigands
  2 gnoll sergeants
  2 scorpions
  6 wights
  Dowan (D:4)
  7 killer bees
  5 howler monkeys
  9 electric eels
  2 lava snakes (D:9)
  6 hounds
  3 gnoll boudas
  7 orc priests
  6 iguanas
  11 orc wizards
  A sleepcap (D:7)
  7 hell rats (Lair:1)
  26 gnolls
  16 adders
  4 ufetubi
  2 dart slugs
  35 orcs
  2 ball pythons
  7 bats
  4 endoplasms
  4 giant cockroaches
  5 hobgoblins
  13 jackals
  5 quokkas
  2 frilled lizards
  7 goblins
  22 kobolds
  3 rats
503 creatures vanquished.

Vanquished Creatures (others)
  A naga (Snake:2)
  A gnoll (D:9)
2 creatures vanquished.

Grand Total: 505 creatures vanquished

Notes
Turn   | Place    | Note
-------+----------+-------------------------------------------
     0 | D:1      | Vontreibholz the Minotaur Fighter began the quest for the
                  | Orb.
     0 | D:1      | Reached XP level 1. HP: 19/19 MP: 0/0
   204 | D:1      | Reached XP level 2. HP: 27/27 MP: 1/1
   730 | D:1      | Found a faded altar of an unknown god.
  1723 | D:2      | Reached XP level 3. HP: 33/33 MP: 2/2
  1953 | D:2      | Noticed Sigmund
  1963 | D:2      | Killed Sigmund
  1964 | D:2      | Reached skill level 5 in Armour
  1964 | D:2      | Reached skill level 1 in Dodging
  1964 | D:2      | Reached XP level 4. HP: 24/41 MP: 3/3
  1964 | D:2      | Reached XP level 5. HP: 28/47 MP: 4/4
  2294 | D:3      | Found Paamnouv's Assorted Antiques.
  2347 | D:3      | Found Synap Begg's Magic Scroll Shoppe.
  2377 | D:3      | You fall into a shaft and drop 3 floors!
  2383 | D:5      | Entered Level 5 of the Dungeon
  2390 | D:5      | Reached skill level 5 in Maces & Flails
  2390 | D:5      | Reached XP level 6. HP: 53/53 MP: 5/5
  2453 | D:5      | Found an iron altar of Okawaru.
  2472 | D:5      | Became a worshipper of Warmaster Okawaru
  2590 | D:4      | Reached skill level 5 in Fighting
  2595 | D:4      | Reached XP level 7. HP: 52/61 MP: 6/6
  2697 | D:4      | Found a radiant altar of Vehumet.
  2778 | D:3      | Found Baossex's Assorted Antiques.
  2926 | D:3      | Found Kuimait's Assorted Antiques.
  3032 | D:3      | Found Anku Wipn's Assorted Antiques.
  3059 | D:3      | Identified a scroll of acquirement
  3059 | D:3      | Acquired the amulet of the Scavenger {Reflect rElec SH+5}
  3183 | D:3      | Found a glowing silver altar of Zin.
  3649 | D:4      | Noticed Duvessa
  3649 | D:4      | Noticed Dowan
  3660 | D:4      | Killed Duvessa
  3665 | D:4      | Killed Dowan
  3666 | D:4      | Reached skill level 5 in Shields
  3891 | D:4      | Reached * piety under Okawaru
  4037 | D:3      | Bought a scroll of enchant armour for 202 gold pieces
  4898 | D:4      | Reached XP level 8. HP: 47/70 MP: 7/7
  5355 | D:5      | Found a burning altar of Makhleb.
  5719 | D:6      | Reached ** piety under Okawaru
  5938 | D:6      | Noticed Edmund
  5953 | D:6      | Killed Edmund
  5954 | D:6      | Found a staircase to the Ecumenical Temple.
  5994 | D:6      | Reached XP level 9. HP: 54/78 MP: 8/8
  6119 | D:6      | Found an ornate altar of the Wu Jian Council.
  6332 | D:7      | Noticed a troll
  6339 | D:7      | Killed a troll
  6647 | D:7      | Found a hazy altar of Hepliaklqana.
  6675 | D:7      | Reached *** piety under Okawaru
  6865 | D:7      | Found a shimmering blue altar of Sif Muna.
  7003 | D:7      | Found a snail-covered altar of Cheibriados.
  7244 | D:7      | Reached skill level 10 in Maces & Flails
  7386 | D:8      | Noticed Grum
  7448 | D:7      | Reached **** piety under Okawaru
  7545 | D:8      | Reached XP level 10. HP: 75/88 MP: 9/9
  7713 | D:8      | Killed Grum
  7844 | D:8      | Identified the +3 ring mail of Imperfection {+Blink rPois
                  | rF-}
  7962 | D:8      | Reached ***** piety under Okawaru
  7992 | D:8      | Noticed Maggie
  8018 | D:8      | Killed Maggie
  8019 | D:8      | Reached skill level 10 in Shields
  8099 | D:8      | Noticed Maurice
  8114 | D:8      | Something stole 139 gold
  8115 | D:8      | Something stole 122 gold
  8136 | D:8      | Killed Maurice
  8136 | D:8      | Received a gift from Okawaru
  8374 | D:8      | Noticed Prince Ribbit
  8396 | D:8      | Killed Prince Ribbit
  8921 | D:9      | Found a sacrificial altar of Ru.
  9008 | D:9      | Reached XP level 11. HP: 80/95 MP: 10/10
  9062 | D:9      | Found Lesuluba's General Store.
  9214 | D:9      | Found Tumehuve's Magic Scroll Shop.
  9258 | D:9      | Received a gift from Okawaru
  9259 | D:9      | Reached skill level 5 in Dodging
  9377 | D:9      | Found a staircase to the Orcish Mines.
  9571 | D:10     | Entered Level 10 of the Dungeon
  9586 | D:10     | Noticed a two-headed ogre
  9728 | D:10     | Noticed a two-headed ogre
  9743 | D:10     | Killed a two-headed ogre
  9744 | D:10     | Reached skill level 10 in Armour
 10232 | D:10     | Killed a two-headed ogre
 10237 | D:10     | Found a staircase to the Lair.
 10323 | D:10     | Received a gift from Okawaru
 10497 | Lair:1   | Entered Level 1 of the Lair of Beasts
 10556 | Lair:1   | Reached skill level 1 in Stealth
 10639 | Lair:1   | Noticed an oklob plant
 10701 | Lair:1   | Killed an oklob plant
 10873 | Lair:1   | Noticed a catoblepas
 10937 | Lair:1   | Killed a catoblepas
 11211 | Lair:1   | Noticed a six-headed hydra
 11259 | Lair:1   | Reached XP level 12. HP: 41/106 MP: 11/11
 11284 | Lair:1   | Reached ****** piety under Okawaru
 11451 | Lair:1   | Acquired the +8 eveningstar of the Queen {protect, Int+5
                  | Stlth+}
 11451 | Lair:1   | Received a gift from Okawaru
 11457 | Lair:1   | Acquired the +1 crystal plate armour of Entitlement {rC+
                  | Will+ Slay+2}
 11457 | Lair:1   | Received a gift from Okawaru
 11558 | Lair:1   | Reached skill level 10 in Fighting
 11580 | Lair:1   | Killed a six-headed hydra
 11684 | Lair:1   | Received a gift from Okawaru
 12055 | Lair:1   | You fall into a shaft and drop 1 floor!
 12057 | Lair:2   | Noticed Gastronok
 12060 | Lair:2   | Noticed Erica
 12079 | Lair:2   | Killed Erica
 12085 | Lair:2   | Killed Gastronok
 12101 | Lair:2   | Received a gift from Okawaru
 12330 | Lair:2   | Found a staircase to the Snake Pit.
 12337 | Lair:2   | Reached skill level 15 in Maces & Flails
 12459 | Lair:2   | Noticed a boulder beetle
 12474 | Lair:2   | Killed a boulder beetle
 12531 | Lair:2   | Found a transporter.
 12558 | Lair:2   | Found a transporter.
 12566 | Lair:2   | Noticed a hell hog
 12567 | Lair:2   | Noticed mursu's ghost (journeyman DgFi)
 12567 | Lair:2   | Found a one-way gate to the infinite horrors of the Abyss.
 12575 | Lair:2   | Killed mursu's ghost
 12575 | Lair:2   | Received a gift from Okawaru
 12579 | Lair:2   | Killed a hell hog
 12580 | Lair:2   | Reached XP level 13. HP: 106/116 MP: 12/12
 13040 | Lair:3   | Found a staircase to the Shoals.
 13095 | Lair:3   | Acquired the +1 pair of boots of Sunlight {-Tele Str+3
                  | SInv}
 13180 | Lair:3   | Received a gift from Okawaru
 13991 | Snake:1  | Entered Level 1 of the Snake Pit
 14018 | Snake:1  | Reached skill level 15 in Shields
 14082 | Snake:1  | Received a gift from Okawaru
 14308 | Snake:1  | HP: 4/119 [poisoned by naga mage (concentrated venom)]
 15114 | Snake:1  | Received a gift from Okawaru
 15309 | Snake:1  | Reached XP level 14. HP: 79/127 MP: 13/13
 15589 | Snake:1  | Received a gift from Okawaru
 15935 | Snake:2  | Noticed a nagaraja
 16296 | Snake:2  | Killed a nagaraja
 16314 | Snake:2  | Found a radiant altar of Vehumet.
 16329 | Snake:1  | Received a gift from Okawaru
 17400 | Snake:3  | Received a gift from Okawaru
 17704 | Snake:3  | Received a gift from Okawaru
 17746 | Snake:3  | HP: 3/132 [shock serpent/bolt of electricity (4)]
 17747 | Snake:3  | Killed from afar by a naga mage

Illustrated notes

Levels and vault maps discovered:
D:1:      dpeg_arrival_erosion, layout_basic,
          hellmonk_ecumenical_altar_slurped_away
D:2:      layout_loops_corners, serial_co_window_serial, co_window_corner_a,
          co_window_corner_a, co_window_paths_a, co_window_of_opportunity_a,
          co_window_paths_a, co_window_paths_a, co_window_paths_a,
          co_window_corner_cb, co_window_corner_b, co_window_paths_c,
          co_window_broadway_b, co_window_4corner_a, glass_columns_b,
          glass_columns_b, uniq_sigmund
D:3:      layout_basic, zin_scriptorium, serial_shops, shop, shop,
          nicolae_shop_temple_entry_statues_fountains, shop, shop,
          grunt_ministairs_2
D:4:      kennysheep_big_flooded_room, layout_basic,
          nicolae_vehumet_altar_sigil, uniq_duvessa
D:5:      layout_basic, okawaru_metal_pillars_1_2, mainiacjoe_overflow_catwalk,
          kennysheep_pointless_box, grunt_ministairs_1,
          kennysheep_generic_room_6
D:6:      layout_cave_pools, nzn_wu_jian_council_hall,
          minmay_temple_entry_wispy, chequers_serial_rivers_room_b, uniq_edmund
D:7:      layout_loops_ring, kennysheep_little_box,
          mainiacjoe_overflow_cross_hatched, kennysheep_orc_sif_temple,
          hangedman_decor_slide_cut
D:8:      layout_basic, water_maze_lemuel, uniq_grum, uniq_maurice,
          uniq_prince_ribbit1, uniq_maggie
D:9:      layout_big_octagon, mainiacjoe_overflow_boulevard, orc_0_dummy,
          serial_gnoll_camp, gnoll_camp_mini_shop, gnoll_camp_mini_shop,
          gnoll_camp_mini_basic, gnoll_camp_medium_02
D:10:     lemuel_ice_spiral_2, layout_basic, lair_entry_dummy,
          minmay_misc_feat_pillars, minmay_misc_feat_cross
Lair:1:   layout_layer_cave, beast_lair_carwin_2
Lair:2:   layout_gridlike, minmay_snake_entry_guardpost_medium,
          gammafunk_ghost_abyssal_escape, infiniplex_staircase_pool, uniq_erica,
          uniq_gastronok
Lair:3:   minmay_lair_venomous_thicket, layout_regular_city,
          minmay_shoals_entry_centaurs
Snake:1:  layout_grid_maze
Snake:2:  layout_concentric_octagons, basic_altar, drop_trap
Snake:3:  layout_chambers, serial_bayou, serial_bayou_shore_a,
          serial_bayou_ford_a, serial_bayou_lagoon_a, serial_bayou_shore_b,
          grunt_ministairs_13, drop_trap, nicolae_coiled_stairwell_down

Skill      XL: |  1  2  3  4  5  6  7  8  9 10 11 12 13 14 |
---------------+-------------------------------------------+-----
Fighting       | 4 5 6 7 8 9 11 12 14 | 14.0
Maces & Flails | 3 4 5 6 7 8 10 12 13 15 16 17 | 17.5
Armour         | 4 5 6 7 8 9 10 11 13 14 | 14.2
Dodging        | 1 2 3 4 5 6 |  6.2
Shields        | 4 5 7 9 10 12 14 15 17 | 17.3
Stealth        | 1 |  1.0

Action                     |  1- 3 |  4- 6 |  7- 9 | 10-12 | 13-15 || total
---------------------------+-------+-------+-------+-------+-------++-------
  Melee: Flail             |    66 |    58 |   303 |   596 |       ||  1023
         Headbutt          |     7 |     8 |    64 |   186 |   105 ||   370
         Eveningstar       |       |       |       |   155 |   509 ||   664
 Invoke: Receive Weapon    |       |       |       |     1 |       ||     1
         Receive Armour    |       |       |       |     1 |       ||     1
  Evoke: Wand              |       |       |       |     1 |       ||     1
    Use: Potion            |     4 |     1 |     2 |     7 |     2 ||    16
         Scroll            |     6 |       |    14 |     4 |     6 ||    30
 Armour: Scale mail        |    23 |       |       |       |       ||    23
         Chain mail        |    32 |    39 |   203 |   470 |       ||   744
         Crystal plate arm |       |       |       |   133 |   402 ||   535
  Dodge: Dodged            |    40 |    45 |   223 |   487 |   298 ||  1093
  Block: Buckler           |    20 |    16 |   212 |   534 |   309 ||  1091
         Reflection        |       |       |     6 |    11 |    44 ||    61
         Kite shield       |       |       |       |       |   129 ||   129

Table legend: (Time is in decaauts)
 A = Elapsed time spent in this place.
 B = Non-inter-level travel time spent in this place.
 C = Inter-level travel time spent in this place.
 D = Time resting spent in this place.
 E = Time spent auto-exploring this place.
 F = Levels seen in this place.
 G = Mean time per level.
                   A        B        C        D        E       F      G
               +--------+--------+--------+--------+--------+-----+--------+
         Total |  17531 |  16215 |   1316 |      0 |      0 |  16 | 1095.7 |
       Dungeon |  10451 |   9260 |   1191 |      0 |      0 |  10 | 1045.1 |
          Lair |   3359 |   3340 |     19 |      0 |      0 |   3 | 1119.7 |
     Snake Pit |   3720 |   3614 |    106 |      0 |      0 |   3 | 1240.0 |
               +--------+--------+--------+--------+--------+-----+--------+

Top non-repeatable levels by time:
 Snake:1: 2384 daAuts
  Lair:1: 1643 daAuts
     D:4: 1539 daAuts
     D:2: 1475 daAuts
     D:7: 1341 daAuts
     D:8: 1175 daAuts
     D:3: 1159 daAuts
    D:10: 885 daAuts
  Lair:3: 876 daAuts
  Lair:2: 838 daAuts
     D:1: 836 daAuts
 Snake:2: 806 daAuts
     D:5: 733 daAuts
     D:9: 703 daAuts
     D:6: 600 daAuts
